EL
SAN JOSE GIANTS @ SPRINGFIELD CARDINALS
04/12/2049
 
TOP OF THE 1ST
San Jose Giants batting - Pitching for Springfield Cardinals : RHP Travis Tovey
Pitching: RHP Travis Tovey
Batting: RHB Alex Belton 0-0: Called Strike
0-1: Ball
1-1: Fly out, F8 (Line Drive, 8RM, EV 96.9 MPH)
Batting: SHB Jason Anaya 0-0: Called Strike
0-1: Called Strike
0-2: Ball
1-2: Ball
2-2: SOLO HOME RUN (Line Drive, 9D, EV 105.0 MPH), Distance : 384 ft
Batting: RHB Billy Pranger 0-0: Fly out, F4 (Popup, 34D, EV 49.4 MPH)
Batting: RHB Azedine Kirui 0-0: SINGLE (Groundball, 56S, EV 60.6 MPH) (infield hit)
Batting: LHB Jay Fenderson 0-0: Swinging Strike
0-1: Ground out 4-3 (Groundball, 4, EV 106.9 MPH)
Top of the 1st over - 1 run, 2 hits, 0 errors, 1 left on base; San Jose 1 - Springfield 0
BOTTOM OF THE 1ST
Springfield Cardinals batting - Pitching for San Jose Giants : RHP Jan Cole
Pitching: RHP Jan Cole
Batting: RHB Fekadu Alhaadi 0-0: Ball
1-0: Fly out, F8 (Flyball, 8LM, EV 78.8 MPH)
Batting: LHB Travis Ruppel 0-0: Called Strike
0-1: Swinging Strike
0-2: Ball
1-2: Strikes out swinging
Batting: RHB Joe Alley 0-0: Ball
1-0: Ball
2-0: Foul Ball, location: 2F
2-1: Ball
3-1: Ground out U3 (Groundball, 34, EV 86.2 MPH)
Bottom of the 1st over - 0 runs, 0 hits, 0 errors, 0 left on base; San Jose 1 - Springfield 0
TOP OF THE 2ND
San Jose Giants batting - Pitching for Springfield Cardinals : RHP Travis Tovey
Batting: RHB Chris Bittner 0-0: Ball
1-0: Called Strike
1-1: Ball
2-1: Swinging Strike
2-2: Ground out 4-3 (Groundball, 34, EV 108.8 MPH)
Batting: LHB John Luke 0-0: Ground out 3-1 (Groundball, 34, EV 100.6 MPH)
Batting: SHB Jerry Massey 0-0: Foul Ball, location: 2F
0-1: Foul Ball, location: 2F
0-2: Strikes out swinging
Top of the 2nd over - 0 runs, 0 hits, 0 errors, 0 left on base; San Jose 1 - Springfield 0
BOTTOM OF THE 2ND
Springfield Cardinals batting - Pitching for San Jose Giants : RHP Jan Cole
Batting: LHB Angelo Vasquez 0-0: Ball
1-0: Ball
2-0: Foul Ball, location: 2F
2-1: Ball
3-1: DOUBLE (Line Drive, 89M, EV 105.0 MPH)
Batting: LHB Sam Britt 0-0: Ball
1-0: Ground out 1-3 (Groundball, 15S, EV 66.2 MPH)
Batting: RHB Sam Sours 0-0: Fly out, F7 (Flyball, 7, EV 91.9 MPH)
Batting: RHB Davey Beeson 0-0: Ball
1-0: Called Strike
1-1: Fly out, F4 (Line Drive, 4, EV 67.5 MPH)
Bottom of the 2nd over - 0 runs, 1 hit, 0 errors, 1 left on base; San Jose 1 - Springfield 0
TOP OF THE 3RD
San Jose Giants batting - Pitching for Springfield Cardinals : RHP Travis Tovey
Batting: RHB Chris Rosinsky 0-0: Called Strike
0-1: Ball
1-1: Ball
2-1: Ball
3-1: Base on Balls
Batting: RHB Alex Belton 0-0: Called Strike
0-1: Called Strike
0-2: Strikes out swinging
Batting: SHB Jason Anaya 0-0: Foul Ball, location: 2F
0-1: Ball
1-1: Ball
2-1: Ball
3-1: Fielders Choice at 2nd, 5-4 (Groundball, 56, EV 101.2 MPH)
Batting: RHB Billy Pranger 0-0: Called Strike
0-1: SINGLE (Groundball, 56D, EV 110.0 MPH)
Jason Anaya to second
Batting: RHB Azedine Kirui 0-0: Called Strike
0-1: Ball
1-1: Swinging Strike
1-2: Ball
2-2: Foul Ball, location: 2F
2-2: SINGLE (Groundball, 4MD, EV 94.4 MPH)
Jason Anaya to third
Billy Pranger to second
Runner from 3rd tries for Home, throw by CF and OUT! 8-2
Top of the 3rd over - 0 runs, 2 hits, 0 errors, 2 left on base; San Jose 1 - Springfield 0
BOTTOM OF THE 3RD
Springfield Cardinals batting - Pitching for San Jose Giants : RHP Jan Cole
Batting: RHB Tommy Boudreaux 0-0: Called Strike
0-1: Ball
1-1: Foul Ball, location: 2F
1-2: Ball
2-2: Strikes out looking
Batting: RHB Edgar Landim 0-0: Ground out 6-3 (Groundball, 56, EV 98.8 MPH)
Batting: RHB Fekadu Alhaadi 0-0: Ball
1-0: Ball
2-0: Swinging Strike
2-1: Ball
3-1: Base on Balls
Batting: LHB Travis Ruppel 0-0: Ball
1-0: Called Strike
1-1: Ground out 4-3 (Groundball, 34, EV 85.6 MPH)
Bottom of the 3rd over - 0 runs, 0 hits, 0 errors, 1 left on base; San Jose 1 - Springfield 0
TOP OF THE 4TH
San Jose Giants batting - Pitching for Springfield Cardinals : RHP Travis Tovey
Batting: LHB Jay Fenderson 0-0: Swinging Strike
0-1: Ball
1-1: Foul Ball, location: 2F
1-2: Ball
2-2: Foul Ball, location: 2F
2-2: Ball
3-2: Strikes out looking
Batting: RHB Chris Bittner 0-0: Called Strike
0-1: Swinging Strike
0-2: Foul Ball, location: 2F
0-2: Ball
1-2: Foul Ball, location: 2F
1-2: Ball
2-2: Ball
3-2: DOUBLE (Flyball, 8LXD, EV 108.1 MPH)
Batting: LHB John Luke 0-0: Called Strike
0-1: SINGLE (Line Drive, 34D, EV 95.6 MPH)
Chris Bittner to third
Batting: SHB Jerry Massey 0-0: Called Strike
0-1: Ball
1-1: Fly out, F9 (Line Drive, 89M, EV 90.0 MPH)
Batting: RHB Chris Rosinsky 0-0: Ball
1-0: Ball
2-0: Ball
3-0: Base on Balls
John Luke to second
Batting: RHB Alex Belton 0-0: Called Strike
0-1: Ball
1-1: Ball
2-1: Ground out 4-3 (Groundball, 4D, EV 105.0 MPH)
Top of the 4th over - 0 runs, 2 hits, 0 errors, 3 left on base; San Jose 1 - Springfield 0
BOTTOM OF THE 4TH
Springfield Cardinals batting - Pitching for San Jose Giants : RHP Jan Cole
Batting: RHB Joe Alley 0-0: Foul Ball, location: 2F
0-1: Ball
1-1: Called Strike
1-2: Strikes out swinging
Batting: LHB Angelo Vasquez 0-0: Ball
1-0: Fly out, F9 (Flyball, 9D, EV 96.9 MPH)
Batting: LHB Sam Britt 0-0: Ball
1-0: Ball
2-0: Called Strike
2-1: Foul Ball, location: 2F
2-2: Foul Ball, location: 2F
2-2: DOUBLE (Flyball, 8RXD, EV 112.5 MPH)
Batting: RHB Sam Sours 0-0: Ball
1-0: Ball
2-0: Ball
3-0: Foul Ball, location: 2F
3-1: Base on Balls
Batting: RHB Davey Beeson 0-0: Called Strike
0-1: Swinging Strike
0-2: Ball
1-2: Strikes out looking
Bottom of the 4th over - 0 runs, 1 hit, 0 errors, 2 left on base; San Jose 1 - Springfield 0
TOP OF THE 5TH
San Jose Giants batting - Pitching for Springfield Cardinals : RHP Travis Tovey
Batting: SHB Jason Anaya 0-0: Ball
1-0: Called Strike
1-1: Ball
2-1: Foul Ball, location: 2F
2-2: Ball
3-2: Strikes out swinging
Batting: RHB Billy Pranger 0-0: Ball
1-0: Ball
2-0: SOLO HOME RUN (Line Drive, 7D, EV 115.0 MPH), Distance : 438 ft
Batting: RHB Azedine Kirui 0-0: Ball
1-0: DOUBLE (Line Drive, 78M, EV 108.1 MPH)
Batting: LHB Jay Fenderson 0-0: Ball
1-0: Ball
2-0: Ground out 4-3 (Groundball, 4MS, EV 65.0 MPH)
Azedine Kirui to third
Batting: RHB Chris Bittner 0-0: Called Strike
0-1: Called Strike
0-2: Ball
1-2: Strikes out swinging
Top of the 5th over - 1 run, 2 hits, 0 errors, 1 left on base; San Jose 2 - Springfield 0
BOTTOM OF THE 5TH
Springfield Cardinals batting - Pitching for San Jose Giants : RHP Jan Cole
Batting: RHB Tommy Boudreaux 0-0: Called Strike
0-1: Ball
1-1: SINGLE (Line Drive, 34D, EV 98.1 MPH)
Batting: RHB Edgar Landim Pickoff Throw to First - Out! 1-3
0-0: Ball
1-0: Ground out 6-3 (Groundball, 6, EV 87.5 MPH)
Batting: RHB Fekadu Alhaadi 0-0: Called Strike
0-1: Ball
1-1: Ball
2-1: Ball
3-1: Fly out, F8 (Flyball, 78S, EV 95.6 MPH)
Bottom of the 5th over - 0 runs, 1 hit, 0 errors, 0 left on base; San Jose 2 - Springfield 0
TOP OF THE 6TH
San Jose Giants batting - Pitching for Springfield Cardinals : RHP Travis Tovey
Batting: LHB John Luke 0-0: Called Strike
0-1: Ball
1-1: Fly out, F9 (Flyball, 89M, EV 92.5 MPH)
Batting: SHB Jerry Massey 0-0: Foul Ball, location: 2F
0-1: Fly out, F6 (Line Drive, 6, EV 69.4 MPH)
Batting: RHB Chris Rosinsky 0-0: Ball
1-0: Ball
2-0: Ground out 1-3 (Groundball, 13S, EV 71.2 MPH)
Top of the 6th over - 0 runs, 0 hits, 0 errors, 0 left on base; San Jose 2 - Springfield 0
BOTTOM OF THE 6TH
Springfield Cardinals batting - Pitching for San Jose Giants : RHP Jan Cole
Batting: LHB Travis Ruppel 0-0: Ball
1-0: Ball
2-0: Called Strike
2-1: Ball
3-1: Foul Ball, location: 2F
3-2: Base on Balls
Batting: RHB Joe Alley 0-0: Fielders Choice at 2nd, 5-4 (Groundball, 56, EV 82.5 MPH)
Batting: LHB Angelo Vasquez 0-0: Ball
1-0: Called Strike
1-1: Hit by Pitch
Joe Alley to second
Batting: LHB Sam Britt 0-0: Ball
1-0: Ball
2-0: 3-RUN HOME RUN (Flyball, 9D, EV 104.4 MPH), Distance : 388 ft
Batting: RHB Sam Sours 0-0: Called Strike
0-1: Called Strike
0-2: Ball
1-2: Foul Ball, location: 2F
1-2: Foul Ball, location: 2F
1-2: Reached on error, E4 (Groundball, 4, EV 83.8 MPH)
Batting: RHB Davey Beeson 0-0: Ball
1-0: SINGLE (Groundball, 23, EV 68.1 MPH) (infield hit)
Sam Sours to third
Batting: RHB Tommy Boudreaux 0-0: Foul Ball, location: 2F
0-1: Foul Ball, location: 2F
0-2: Ball
1-2: SINGLE (Groundball, 56D, EV 97.5 MPH)
Sam Sours scores
Davey Beeson to second
Batting: RHB Edgar Landim 0-0: Fielders Choice at 2nd, 5-4 (Groundball, 56, EV 106.2 MPH)
Davey Beeson to third
Batting: RHB Fekadu Alhaadi 0-0: Ball
1-0: DOUBLE (Flyball, 8LXD, EV 93.1 MPH)
Davey Beeson scores
Edgar Landim to third
Runner from 3rd tries for Home, SAFE, throw by CF to home
Batting: LHB Travis Ruppel 0-0: Intentional Walk
Pitching: RHP Sanya Mikushevich
Batting: RHB Joe Alley 0-0: Called Strike
0-1: Ball
1-1: Ball
2-1: Ball
3-1: Foul Ball, location: 2F
3-2: Foul Ball, location: 2F
3-2: Foul Ball, location: 2F
3-2: Base on Balls
Fekadu Alhaadi to third
Travis Ruppel to second
Batting: LHB Angelo Vasquez 0-0: Ball
1-0: GRAND SLAM HOME RUN (Flyball, 9D, EV 99.4 MPH), Distance : 377 ft
Batting: LHB Sam Britt 0-0: Called Strike
0-1: Ball
1-1: Foul Ball, location: 2F
1-2: Ball
2-2: Ball
3-2: SINGLE (Groundball, 4MD, EV 107.5 MPH)
Batting: RHB Sam Sours 0-0: Ball
1-0: Ball
2-0: Swinging Strike
2-1: Foul Ball, location: 2F
2-2: Strikes out swinging
Bottom of the 6th over - 10 runs, 6 hits, 1 error, 1 left on base; San Jose 2 - Springfield 10
TOP OF THE 7TH
San Jose Giants batting - Pitching for Springfield Cardinals : RHP Travis Tovey
Pitching: RHP Dwain Ashford
Batting: RHB Alex Belton 0-0: Ball
1-0: Called Strike
1-1: Ball
2-1: Swinging Strike
2-2: Foul Ball, location: 2F
2-2: Ball
3-2: Base on Balls
Batting: SHB Jason Anaya 0-0: Foul Ball, location: 2F
0-1: Swinging Strike
0-2: Ball
1-2: Fielders Choice at 2nd, 3-6 (Groundball, 3, EV 85.6 MPH)
Batting: RHB Billy Pranger 0-0: Ball
1-0: Fly out, F3 (Popup, 3F, EV 76.9 MPH)
Pinch Hitting: LHB Ho-win Zhou 0-0: Called Strike
0-1: Called Strike
Jason Anaya steals 2nd base (no throw)
0-2: Ball
1-2: Ball
2-2: Foul Ball, location: 2F
2-2: Foul Ball, location: 2F
2-2: Foul Ball, location: 2F
2-2: Ball
3-2: Ground out 5-3 (Groundball, 56S, EV 85.0 MPH)
Top of the 7th over - 0 runs, 0 hits, 0 errors, 1 left on base; San Jose 2 - Springfield 10
BOTTOM OF THE 7TH
Springfield Cardinals batting - Pitching for San Jose Giants : RHP Sanya Mikushevich
Now at 1B: Ho-win Zhou
Batting: RHB Davey Beeson 0-0: Ground out U3 (Groundball, 3, EV 107.5 MPH)
Pinch Hitting: RHB Immel Kamuzu 0-0: Called Strike
0-1: Foul Ball, location: 2F
0-2: Foul Ball, location: 2F
0-2: Ball
1-2: Ball
2-2: Ball
3-2: Base on Balls
Batting: RHB Edgar Landim 0-0: Called Strike
0-1: Ball
1-1: Ball
Wild Pitch!
Immel Kamuzu to second
2-1: Swinging Strike
2-2: Ball
3-2: Fly out, F7 (Flyball, 7D, EV 95.6 MPH)
Runner from 2nd tags up, SAFE at 3rd, no throw by LF
Batting: RHB Fekadu Alhaadi 0-0: Ball
1-0: SINGLE (Groundball, 4M, EV 102.5 MPH)
Immel Kamuzu scores
Pitching: RHP Julio Arteaga
Batting: LHB Travis Ruppel 0-0: Called Strike
0-1: Ball
1-1: Foul Ball, location: 2F
1-2: Reaches on Catchers interference
Fekadu Alhaadi to second
Batting: RHB Joe Alley 0-0: Ball
1-0: Ground out 5-3 (Groundball, 56S, EV 92.5 MPH)
Bottom of the 7th over - 1 run, 1 hit, 1 error, 2 left on base; San Jose 2 - Springfield 11
TOP OF THE 8TH
San Jose Giants batting - Pitching for Springfield Cardinals : RHP Dwain Ashford
Pitching: RHP Juan Gomez
Now at 3B: Immel Kamuzu
Now at SS: Davey Beeson
Batting: LHB Jay Fenderson 0-0: Called Strike
0-1: Swinging Strike
0-2: Ball
1-2: Ball
2-2: Foul Ball, location: 2F
2-2: Strikes out swinging
Batting: RHB Chris Bittner 0-0: Ball
1-0: Ball
2-0: Foul Ball, location: 2F
2-1: Ball
3-1: Base on Balls
Batting: LHB John Luke 0-0: Called Strike
0-1: Swinging Strike
0-2: Strikes out swinging
Batting: SHB Jerry Massey 0-0: Swinging Strike
0-1: Foul Ball, location: 2F
0-2: Ball
1-2: Foul Ball, location: 2F
1-2: Strikes out swinging
Top of the 8th over - 0 runs, 0 hits, 0 errors, 1 left on base; San Jose 2 - Springfield 11
BOTTOM OF THE 8TH
Springfield Cardinals batting - Pitching for San Jose Giants : RHP Julio Arteaga
Batting: LHB Angelo Vasquez 0-0: Ball
1-0: Swinging Strike
1-1: Foul Ball, location: 2F
1-2: Ball
2-2: Strikes out swinging
Batting: LHB Sam Britt 0-0: Ground out U3 (Groundball, 3, EV 83.1 MPH)
Batting: RHB Sam Sours 0-0: Ball
1-0: Called Strike
1-1: Ball
2-1: Ball
3-1: Fly out, F4 (Line Drive, 6M, EV 67.5 MPH)
Bottom of the 8th over - 0 runs, 0 hits, 0 errors, 0 left on base; San Jose 2 - Springfield 11
TOP OF THE 9TH
San Jose Giants batting - Pitching for Springfield Cardinals : RHP Juan Gomez
Batting: RHB Chris Rosinsky 0-0: Called Strike
0-1: Foul Ball, location: 2F
0-2: Strikes out swinging
Pinch Hitting: SHB Ben Myers 0-0: Ball
1-0: Ground out 4-3 (Groundball, 34D, EV 104.4 MPH)
Batting: SHB Jason Anaya 0-0: Ball
1-0: Ball
2-0: Called Strike
2-1: Ball
3-1: Ground out 4-3 (Groundball, 34D, EV 90.6 MPH)
Top of the 9th over - 0 runs, 0 hits, 0 errors, 0 left on base; San Jose 2 - Springfield 11
Sunday, July 16th , 2023 - OOTP Baseball 24.6 Build 69